 Dungeon Crawl Stone Soup version 0.28.0-1-gb440e238dd (webtiles) character file.

Game seed: 12313904089356965295

109 tilp the Chopper (level 4, -5/40 HPs)
             Began as a Hill Orc Fighter on Feb 19, 2022.
             Slain by Menkaure (29 damage)
             ... on level 4 of the Dungeon.
             The game lasted 00:03:39 (3165 turns).

tilp the Chopper (Hill Orc Fighter)                 Turns: 3165, Time: 00:03:39

Health: -5/40      AC: 10    Str: 33    XL:     4   Next: 89%
Magic:  13/13      EV:  8    Int:  8    God:
Gold:   166        SH:  4    Dex: 10    Spells: 3/3 levels left

rFire   + + .      SeeInvis .   b - +4 hand axe "Koba" {chaos, rF+ MP+9 Str+7 Stlth-}
rCold   . . .      Faith    .   c - +0 buckler
rNeg    . . .      Spirit   .   n - +0 chain mail
rPois   .          Reflect  .   (no helmet)
rElec   .          Harm     .   (no cloak)
rCorr   .          Rampage  .   (no gloves)
Will    .....                   i - +0 pair of boots
Stlth   ..........              (no amulet)
HPRegen 0.13/turn               l - ring of protection from fire
MPRegen 0.13/turn               e - +6 ring of strength

@: no status effects
A: no striking features
a: no special abilities


You were on level 4 of the Dungeon.
You visited 1 branch of the dungeon, and saw 4 of its levels.

You collected 166 gold pieces.

Inventory:

Hand Weapons
 a - a +0 war axe
 b - the +4 hand axe "Koba" (weapon) {chaos, rF+ MP+9 Str+7 Stlth-}
   (You found it on level 3 of the Dungeon)

   Each time it hits an enemy it has a different, random effect.
   Str:       It affects your strength (+7).
   rF:        It protects you from fire.
   MP:        It affects your magic capacity (+9).
   Stlth:     It makes you less stealthy.
 r - the +6 great sword of Wu Jian's Supremacy {speed, rElec rN+ Str+3}
   (You found it on level 3 of the Dungeon)

   Attacks with this weapon are significantly faster.
   Str:       It affects your strength (+3).
   rElec:     It insulates you from electricity.
   rN:        It protects you from negative energy.
Missiles
 h - 133 stones
 j - 5 boomerangs (quivered)
 m - 3 atropa-tipped darts
Armour
 c - a +0 buckler (worn)
 i - a +0 pair of boots (worn)
 n - a +0 chain mail (worn)
Jewellery
 e - a +6 ring of strength (right hand)
 l - a ring of protection from fire (left hand)
Wands
 f - a wand of iceblast (14)
Scrolls
 q - 2 scrolls of teleportation
Potions
 d - a potion of might
 g - a potion of berserk rage {unknown}
 k - 2 potions of heal wounds
 o - a potion of flight {unknown}
 s - a potion of resistance {unknown}


   Skills:
 + Level 4.1 Fighting
 * Level 6.0 Axes
 + Level 0.1 Throwing
 + Level 3.3 Armour
 + Level 0.0 Dodging
 + Level 0.0 Stealth
 + Level 3.3 Shields


You had 3 spell levels left.
You didn't know any spells.
Your spell library was empty.

Dungeon Overview and Level Annotations

Branches:
Dungeon (4/15)
 Temple: D:4-7

Altars:

Annotations:
D:4 Menkaure


Message History

You see here a +0 pair of boots.
i - a +0 pair of boots You start putting on your armour.
You continue putting on your +0 pair of boots. x4
You finish putting on your +0 pair of boots.
Unknown command.
Found a stone staircase leading up.
q - 2 scrolls of teleportation (gained 1)
A worm comes into view.
A worm is nearby!
The worm bites you but does no damage.
You slash the worm! You drain the worm.
You kill the worm!
No target in view!
You now have 166 gold pieces (gained 10).
There is a stone staircase leading down here.
Menkaure, Prince of Dust comes into view.
Menkaure shouts!
Menkaure is nearby!
Menkaure is nearby!
Menkaure is nearby!
You hit Menkaure.
Menkaure is lightly damaged.
Menkaure casts a spell.
Menkaure seems to speed up.
You slash Menkaure!
Menkaure's magic leaks into the air.
Menkaure is moderately damaged.
Menkaure hits you! Menkaure hits you!!
* * * LOW HITPOINT WARNING * * *
You are too injured to fight recklessly!
You are too injured to fight recklessly!
You are too injured to fight recklessly!
Unknown command.
You hit Menkaure.
Menkaure seems to grow stronger.
Menkaure is heavily damaged.
Menkaure barely misses you.
Unknown command.
You feel much better. Menkaure hits you!!
Ouch! That really hurt!
You die...

............######
............#
............##
.............#
...........#.##
.........>.##.##
.......<....##.###
............###..##
...........## ##@.#
..........##
#M.......
........###
##..##### #.....###
..# ####### ..# .##
.# .#


You could see Menkaure (fast, strong, magic disrupted).

Vanquished Creatures
  A hound skeleton (D:3)
  3 adders (D:2)
  A worm (D:4)
  2 dart slugs
  An orc (D:3)
  4 endoplasms
  A giant cockroach (D:1)
  11 goblins
  8 hobgoblins
  A quokka (D:1)
  8 ball pythons
  7 bats
  3 frilled lizards
  4 kobolds
  4 rats
59 creatures vanquished.

Notes
Turn   | Place    | Note
-------+----------+-------------------------------------------
     0 | D:1      | tilp the Hill Orc Fighter began the quest for the Orb.
     0 | D:1      | Reached XP level 1. HP: 19/19 MP: 1/1
    49 | D:1      | Reached skill level 3 in Axes
    88 | D:1      | Reached XP level 2. HP: 25/27 MP: 2/2
   395 | D:1      | Reached skill level 4 in Axes
   439 | D:1      | You fall into a shaft and drop 1 floor!
   454 | D:2      | Reached XP level 3. HP: 10/33 MP: 3/3
  1600 | D:2      | Reached skill level 5 in Axes
  1644 | D:2      | Reached XP level 4. HP: 38/40 MP: 4/4
  2389 | D:3      | Identified the +4 hand axe "Koba" {chaos, rF+ MP+9 Str+7
                  | Stlth-}
  2498 | D:3      | Reached skill level 6 in Axes
  2607 | D:3      | Identified the +6 great sword of Wu Jian's Supremacy
                  | {speed, rElec rN+ Str+3}
  3159 | D:4      | Noticed Menkaure
  3165 | D:4      | Slain by Menkaure

Illustrated notes

Levels and vault maps discovered:
D:1:      psy_arrival_conway, layout_basic
D:2:      layout_basic, serial_corexii_hall, corexii_hall_statues_x,
          chequers_hall_statues_wall_a, chequers_hall_statues_corner_a,
          chequers_hall_statues_y, minmay_goblin_kobold_house
D:3:      layout_basic, st_stairs_13, serial_bayou_pond_a,
          mrwooster_statue_mirror, minmay_misc_feat_rows
D:4:      layout_layer_cave, xom_butterflies, serial_shops,
          nicolae_shop_bloodbath_and_beyond, uniq_menkaure, uniq_pikel,
          uniq_edmund

Skill      XL: |  1  2  3  4 |
---------------+-------------+-----
Axes           | 3 4 5 6 |  6.0
Fighting       | 4 |  4.1
Throwing       | |  0.1
Armour         | |  3.3
Shields        | |  3.3

Action                   |  1- 3 |  4- 6 || total
-------------------------+-------+-------++-------
Melee: War axe           |    92 |    32 ||   124
       Hand axe          |       |    32 ||    32
Throw: Boomerang         |     3 |       ||     3
  Use: Potion            |     1 |     1 ||     2
       Scroll            |     3 |     4 ||     7
Armor: Scale mail        |    33 |       ||    33
       Chain mail        |     5 |    35 ||    40
Dodge: Dodged            |    42 |    23 ||    65
Block: Buckler           |    22 |    22 ||    44
